 Dungeon Crawl Stone Soup version 0.26-a0-810-ge1a9524b62 (webtiles) character file.

Game seed: 13443196009673501482

636 iamoutofideas the Ruffian (level 7, -1/62 HPs)
             Began as a Troll Hunter on Nov 13, 2020.
             Slain by Blork the orc
             ... wielding a +0 battleaxe
              (7 damage)
             ... on level 5 of the Dungeon.
             The game lasted 00:04:54 (3570 turns).

iamoutofideas the Ruffian (Troll Hunter)            Turns: 3570, Time: 00:04:55

Health: -1/62      AC:  6    Str: 23    XL:     7   Next: 25%
Magic:  6/6        EV: 10    Int:  7    God:
Gold:   193        SH:  0    Dex: 10    Spells: 6/6 levels left

rFire    . . .     SeeInvis .     - Unarmed
rCold    . . .     Faith    .   (no shield)
rNeg     . . .     Spirit   .   b - +0 robe
rPois    .         Reflect  .   (helmet restricted)
rElec    .         Harm     .   (no cloak)
rCorr    .         Rampage  .   (gloves unavailable)
MR       .....                  (boots unavailable)
Stlth    +.........             (no amulet)
HPRegen  0.60/turn              t - ring of flight
MPRegen  0.10/turn              (no ring)

@: no status effects
A: large, unfitting armour, claws 3, regeneration 1, shaggy fur 1, tough skin 3
a: Evoke Flight


You were on level 5 of the Dungeon.
You visited 1 branch of the dungeon, and saw 5 of its levels.

You collected 193 gold pieces.

Inventory:

Missiles
 c - 5 large rocks (quivered)
 d - 2 throwing nets
 k - 13 poisoned darts
 u - 111 stones
Armour
 b - a +0 robe (worn)
Jewellery
 t - a ring of flight (left claw)
 v - an uncursed amulet of regeneration {unknown}
Wands
 p - a wand of enslavement (10)
Scrolls
 a - a scroll of immolation {unknown}
 e - a scroll of random uselessness {unknown}
 f - 4 scrolls of amnesia {unknown}
 j - 3 scrolls of remove curse {unknown}
 n - 4 scrolls of teleportation {unknown}
 r - 4 scrolls of identify {unknown}
 s - 2 scrolls of fear {unknown}
 w - a scroll of magic mapping {unknown}
Potions
 g - a potion of lignification {unknown}
 h - 2 potions of haste {unknown}
 i - a potion of ambrosia {unknown}
 l - a potion of magic {unknown}
 m - a potion of heal wounds
 o - a potion of attraction {unknown}
 q - 3 potions of curing {unknown}
 x - a potion of cancellation {unknown}


   Skills:
 - Level 1.5 Fighting
 - Level 3.9 Throwing
 + Level 2.4 Dodging
 - Level 0.3 Stealth
 + Level 7.2 Unarmed Combat


You had 6 spell levels left.
You didn't know any spells.
Your spell library was empty.

Dungeon Overview and Level Annotations

Branches:
Dungeon (5/15)
 Temple: D:4-7

Altars:
Dithmenos
Fedhas
Hepliaklqana
Kikubaaqudgha
Makhleb
Ru
Yredelemnul

Shops:
D:4 ([   D:5 (

Annotations:
D:5 Blork the orc


Innate Abilities, Weirdness & Mutations

You are too large for most types of armour.
You have claws for hands.
Your natural rate of healing is unusually fast.
You are covered in fur. (AC +1)
You have extremely tough skin. (AC +3)


Message History

* * * LOW HITPOINT WARNING * * *
You scratch something but do no damage.
You hear some strange, mumbled words.
A puff of frost appears from out of thin air!
The puff of frost misses you. The orc hits you but does no damage.
You scratch something. Something hits you!
* * * LOW HITPOINT WARNING * * *
The orc hits you but does no damage.
It was a potion of heal wounds.
You feel much better. Something hits you!
* * * LOW HITPOINT WARNING * * *
The orc hits you with a +0 dagger.
* * * LOW HITPOINT WARNING * * *
Unknown command.
You miss something.
You hear some strange, mumbled words.
A puff of flame appears from out of thin air!
The puff of flame hits you!
* * * LOW HITPOINT WARNING * * *
Something hits you!
You die...

#...# #...# #...#
######..>#####
##.............
...............
#............. ..
###...### #.# #@o.....#
#.# #{#...#.# ..# #.#...#
#### #. #.# #.#..... ..#
#..####.# #.#####.##.#
#.......######.......##.#
.........#......#.#####.#
..####.#..#...###.####.###
##.###.#.##.#.........#


You could see an orc.

Vanquished Creatures
  An orc warrior (D:5)
  An ice beast (D:3)
  An ogre (D:4)
  A hound (D:4)
  An orc wizard (D:5)
  Jessica (D:2)
  2 iguanas
  3 worker ants
  4 adders
  3 worms
  7 dart slugs
  5 leopard geckos
  9 orcs
  9 bats
  5 giant cockroaches
  5 goblins
  11 hobgoblins
  4 jackals (D:3)
  3 quokkas
  5 frilled lizards
  9 kobolds
  A leopard gecko skeleton (D:4)
  6 rats
97 creatures vanquished.

Notes
Turn   | Place    | Note
-------+----------+-------------------------------------------
     0 | D:1      | iamoutofideas the Troll Hunter began the quest for the Orb.
     0 | D:1      | Reached XP level 1. HP: 19/19 MP: 0/0
   205 | D:1      | Reached XP level 2. HP: 27/27 MP: 1/1
   299 | D:1      | Reached skill level 1 in Unarmed Combat
   377 | D:1      | Reached skill level 2 in Unarmed Combat
   403 | D:1      | Reached XP level 3. HP: 33/33 MP: 2/2
   833 | D:2      | Noticed Jessica
   840 | D:2      | Killed Jessica
   840 | D:2      | Reached skill level 3 in Unarmed Combat
   889 | D:2      | Reached XP level 4. HP: 40/41 MP: 3/3
   967 | D:2      | Found an ancient bone altar of Kikubaaqudgha.
   970 | D:2      | Found a basalt altar of Yredelemnul.
   975 | D:2      | Found a burning altar of Makhleb.
  1342 | D:2      | Reached skill level 4 in Unarmed Combat
  1636 | D:3      | Noticed an ice beast
  1690 | D:3      | Killed an ice beast
  1690 | D:3      | Reached skill level 5 in Unarmed Combat
  1690 | D:3      | Reached XP level 5. HP: 26/48 MP: 4/4
  2097 | D:3      | Reached XP level 6. HP: 55/55 MP: 5/5
  2170 | D:4      | Reached skill level 6 in Unarmed Combat
  2324 | D:4      | Found Bawun's Weapon Shoppe.
  2394 | D:4      | Found a shadowy altar of Dithmenos.
  2394 | D:4      | Found a blossoming altar of Fedhas.
  2395 | D:4      | Found a sacrificial altar of Ru.
  2415 | D:4      | Found Sugh's Antique Armour Boutique.
  2969 | D:4      | Found a hazy altar of Hepliaklqana.
  3417 | D:5      | Entered Level 5 of the Dungeon
  3443 | D:5      | Found Ywiebres's Antique Weapon Shoppe.
  3535 | D:5      | Noticed an orc warrior
  3538 | D:5      | Noticed Blork the orc
  3547 | D:5      | Reached skill level 7 in Unarmed Combat
  3547 | D:5      | Reached XP level 7. HP: 55/62 MP: 6/6
  3568 | D:5      | HP: 3/62 [something (12)]
  3570 | D:5      | Slain by Blork the orc

Illustrated notes

Levels and vault maps discovered:
D:1:      elethiomel_arrival_infinity_welcomes_careful_drivers,
          layout_loops_ring
D:2:      layout_loops_ring, grunt_temple_overflow_diamond, uniq_jessica
D:3:      layout_rooms, minmay_misc_feat_tower, minmay_quantized
D:4:      layout_layer_cave, nicolae_overflow_quartered_altars, serial_shops,
          nicolae_shop_trees, shop
D:5:      layout_loops_cross, chequers_temple_overflow_minitemple, serial_shops,
          shop_statue, uniq_blork_the_orc, uniq_edmund

Skill      XL: |  1  2  3  4  5  6 |
---------------+-------------------+-----
Unarmed Combat | 2 3 5 7 |  7.2
Dodging        | 2 |  2.4
Fighting       | |  1.5
Throwing       | |  3.9
Stealth        | |  0.3

Action                   |  1- 3 |  4- 6 |  7- 9 || total
-------------------------+-------+-------+-------++-------
Melee: Unarmed           |   106 |   173 |    22 ||   301
       Punch             |       |     3 |       ||     3
  Use: Potion            |       |       |     1 ||     1
Armor: Robe              |    47 |    73 |     4 ||   124
Dodge: Dodged            |    58 |    90 |     5 ||   153

Table legend: (Time is in decaauts)
 A = Elapsed time spent in this place.
 B = Non-inter-level travel time spent in this place.
 C = Inter-level travel time spent in this place.
 D = Time resting spent in this place.
 E = Time spent auto-exploring this place.
 F = Levels seen in this place.
 G = Mean time per level.
                   A        B        C        D        E       F      G
               +--------+--------+--------+--------+--------+-----+--------+
         Total |   3547 |   3433 |    114 |      0 |   2786 |   5 |  709.4 |
       Dungeon |   3547 |   3433 |    114 |      0 |   2786 |   5 |  709.4 |
               +--------+--------+--------+--------+--------+-----+--------+

Top non-repeatable levels by time:
     D:4: 1246 daAuts
     D:1: 803 daAuts
     D:2: 769 daAuts
     D:3: 579 daAuts
     D:5: 148 daAuts
